 Dungeon Crawl Stone Soup version bcrawl-1.21.2-20-g6d45ba5942 (webtiles) character file.

Game seed: 24452590546956465

7501 Banto the Ascendant (level 10, -3/86 HPs)
             Began as a Demigod Wanderer on Mar 3, 2020.
             Slain by a bullfrog (5 damage)
             ... on level 7 of the Dungeon.
             The game lasted 00:21:56 (13237 turns).

Banto the Ascendant (Demigod Wanderer)             Turns: 13237, Time: 00:21:56

Health: -3/86      AC: 20    Str: 22    XL:     10   Next: 95%
Magic:  22/22      EV:  7    Int: 13    God:    Demigod [****..]
Gold:   397        SH:  3    Dex: 19    Spells: 11/11 levels left

rFire    . . .     SeeInvis .   u - +4 battleaxe
rCold    + . .     Gourm    .   (shield currently unavailable)
rNeg     . . .     Faith    .   n - +5 plate armour
rPois    +         Spirit   .   (no helmet)
rElec    .         Reflect  +   (no cloak)
rCorr    +         Harm     .   x - +0 pair of gloves
MR       +++..     Rnd*Rage +   (no boots)
Stlth    ..........             f - +3 amulet of reflection
HPRegen  0.24/turn              b - ring of resist corrosion
MPRegen  0.18/turn              w - ring of Moajej {rPois rC+ MR+ Dex-2}

@: lightly drained
A: thin skeletal structure 1, berserk 1, high mp 1, magic resistance 1,
MP-powered wands
a: Temporal Distortion, Growth, Major Destruction, Heroism


You were on level 7 of the Dungeon.
You worshipped Demigod.
Demigod was greatly pleased with you.
You were very hungry.

You visited 1 branch of the dungeon, and saw 8 of its levels.
You also visited: Ossuary.

You collected 397 gold pieces.

Inventory:

Hand Weapons
 a - a +3 short sword
 q - a -1 war axe
 u - a +4 battleaxe (weapon)
 A - a +0 hand axe
Armour
 n - a +5 plate armour (worn)
 x - a +0 pair of gloves (worn)
Jewellery
 b - a ring of resist corrosion (left hand)
 f - a +3 amulet of reflection (around neck)
 w - the ring of Moajej (right hand) {rPois rC+ MR+ Dex-2}
   (You acquired it on level 6 of the Dungeon)

   [ring of protection from cold]

   It affects your dexterity (-2).
   It protects you from cold.
   It protects you from poison.
   It affects your resistance to hostile enchantments.
Wands
 y - a wand of digging (2)
Scrolls
 d - 2 scrolls of amnesia
 h - 4 scrolls of teleportation
 j - 2 scrolls of identify
 k - 9 scrolls of remove curse
 m - 2 scrolls of enchant weapon
 p - 3 scrolls of magic mapping
 s - 3 scrolls of enchant armour
 t - a scroll of noise {unknown}
Potions
 c - 2 potions of flight
 g - 4 potions of curing
 i - a potion of mutation
 l - a potion of resistance
 o - a potion of invisibility
 r - 2 potions of might
 z - a potion of agility
Comestibles
 e - 16 rations {!d}


   Skills:
 - Level 7.0(6.5) Fighting
 - Level 1.7(1.3) Short Blades
 + Level 4.5(4.0) Axes
 + Level 9.8(9.3) Armour
 - Level 1.0(0.5) Stealth
 - Level 1.0(0.5) Spellcasting
   Level 1.0(0.5) Charms
   Level 1.0(0.5) Translocations
 - Level 12.0(11.4) Invocations
 - Level 1.7(1.3) Evocations


You had 11 spell levels left.
You didn't know any spells.
Your spell library contained the following spells:

 Spells                   Type           Power        Failure   Level  Hunger
 Beastly Appendage        Tmut           #.....       99%         1    ##.....
 Sticks to Snakes         Tmut           #.......     100%        2    ###....
 Spider Form              Tmut/Pois      #..          100%        3    ####...
 Ice Form                 Ice/Tmut       #.......     100%        4    #####..
 Blade Hands              Tmut           #.........   100%        5    ######.


Dungeon Overview and Level Annotations

Branches:
Dungeon (8/12)             Temple (0/1) D:4            Lair (0/6) D:7
    Orc: D:8-11

Shops:
D:7 ?   D:8 (

Annotations:
D:3 3 runed translucent doors, astraldaughter's ghost, amateur SDFE; yrara's ghost, amateur DsFi
D:6 2 transporters


Innate Abilities, Weirdness & Mutations

You have an increased reservoir of magic. (+10% MP)
You have a somewhat thin skeletal structure. (Dex +2, Stealth)
You tend to lose your temper in combat.
You are resistant to hostile enchantments. (MR+)
You expend magic power (3 MP) to strengthen your wands.


Message History

A worker ant zombie comes into view.
Found a buckler.
A quasit comes into view.
The bullfrog closely misses you.
There is a stone staircase leading up here.
The quasit gives a chilling moan.
You hear a shout! x3
The bullfrog hits you but does no damage.
The hound skeleton bites you but does no damage.
You climb upwards.
There is a stone staircase leading down here.
You hit the bullfrog.
The bullfrog is lightly wounded.
The bullfrog hits you!
* * * LOW HITPOINT WARNING * * *
The bullfrog barely misses you.
You barely miss the bullfrog.
The bullfrog is lightly wounded.
The bullfrog barely misses you. The bullfrog hits you.
You die...
Your divinity fades.

##########..#.###..# #####.
#..#.# #..# ##..... #..#.#
#..# #...... ####..#.# #..#
##.#### #.....#.# #..# #.# #
#######.....#.###..####.####
#.....'.....................
#######....F#.#.............
###....@........###.###.
#######...#.....#.##..#
#.....
#.....'...'.....#.##..#
#)....
#######...#.....#.##).#
#<....
#.....+.....#.##..###.....
#.#...#........<..........
#.....'..#..#.#..#..#...P♣
#.#...####..#.#..#..#...♣P
#.#...# #..#.......'....P


You could see a bullfrog.

Vanquished Creatures
  A two-headed ogre (D:7)
  A centaur skeleton (D:6)
  Grinder (D:3)
  A spriggan (D:7)
  7 yaks
  4 crocodiles (D:7)
  2 porcupines
  A water moccasin (D:8)
  Duvessa (D:6)
  2 phantoms
  3 ice beasts
  3 sky beasts
  A necrophage (D:5)
  2 centaurs (D:5)
  3 ogres
  2 bullfrogs (D:7)
  2 elf zombies (D:4)
  2 elf skeletons (D:4)
  Dowan (D:6)
  15 scorpions
  A water moccasin skeleton (D:5)
  5 wights (D:8)
  4 howler monkeys
  2 bullfrog zombies (D:5)
  6 crimson imps
  3 jellies (D:5)
  4 centaur zombies (Ossuary)
  4 human zombies
  3 hounds
  2 orc priests
  2 bullfrog skeletons
  A gnoll shaman (D:6)
  A human skeleton (D:4)
  4 orc wizards
  7 iguanas
  A worker ant (D:6)
  A big kobold zombie (Ossuary)
  2 mummies (Ossuary)
  A howler monkey zombie (D:6)
  5 gnolls (D:6)
  7 adders
  8 scorpion zombies (Ossuary)
  4 shadow imps
  An ooze (D:3)
  2 adder skeletons
  A worm (D:2)
  2 dart slugs
  8 leopard geckos
  20 orcs
  3 bats
  3 giant cockroaches
  A gnoll zombie (Ossuary)
  4 goblins (D:1)
  8 hobgoblins
  19 jackals
  10 kobolds
  2 quokkas
  A frilled lizard (D:3)
  2 hobgoblin zombies (Ossuary)
  A jackal zombie (D:3)
  2 kobold zombies (Ossuary)
  2 orc skeletons (D:4)
  3 orc zombies
  A quokka skeleton (D:4)
  8 rats
237 creatures vanquished.

Vanquished Creatures (others)
  A scorpion (Ossuary)
  A mummy (Ossuary)
  An adder zombie (D:7)
  An adder skeleton (D:7)
  A goblin zombie (Ossuary)
  A hobgoblin zombie (Ossuary)
  A kobold zombie (Ossuary)
  A plant (D:7)
8 creatures vanquished.

Grand Total: 245 creatures vanquished

Notes
Turn   | Place    | Note
-------+----------+-------------------------------------------
     0 | D:1      | Banto the Demigod Wanderer began the quest for the Orb.
     0 | D:1      | Banto set off with the following items: a +2 short sword, a
                  | potion of berserk rage, a potion of flight, a +0 robe, a
                  | ration {!d}
     0 | D:1      | Reached XP level 1. HP: 17/17 MP: 4/4
   131 | D:1      | Reached skill level 1 in Invocations
   257 | D:1      | Reached XP level 2. HP: 24/24 MP: 5/5
   428 | D:1      | Reached skill level 1 in Armour
   973 | D:2      | Reached skill level 2 in Invocations
   973 | D:2      | Reached XP level 3. HP: 17/29 MP: 6/6
  1614 | D:2      | Reached * piety under Demigod
  1764 | D:3      | Found a shimmering altar of Xom.
  1903 | D:3      | Found a runed translucent gate.
  1905 | D:3      | Found a runed translucent gate.
  1905 | D:3      | Found a runed translucent gate.
  1905 | D:3      | Noticed astraldaughter's ghost (amateur SDFE)
  1907 | D:3      | Noticed yrara's ghost (amateur DsFi)
  1925 | D:3      | Reached XP level 4. HP: 37/37 MP: 8/8
  2027 | D:3      | Reached skill level 3 in Invocations
  2342 | D:3      | Noticed Grinder
  2343 | D:3      | Paralysed by Grinder for 4 turns
  2383 | D:3      | Killed Grinder
  2383 | D:3      | Reached skill level 4 in Invocations
  2383 | D:3      | Reached XP level 5. HP: 39/46 MP: 8/11
  2383 | D:3      | Reached XP level 6. HP: 45/52 MP: 8/12
  2606 | D:3      | Noticed a sky beast
  2649 | D:3      | Killed a sky beast
  2649 | D:3      | Reached skill level 5 in Invocations
  2901 | D:3      | Noticed a sky beast
  2936 | D:3      | Killed a sky beast
  2936 | D:3      | Reached XP level 7. HP: 36/59 MP: 12/14
  3258 | D:4      | Reached ** piety under Demigod
  3395 | D:4      | Found a staircase to the Ecumenical Temple.
  3408 | D:4      | Reached skill level 6 in Invocations
  3581 | D:4      | Reached skill level 5 in Fighting
  3619 | D:4      | Found a sand-covered staircase.
  3634 | D:4      | Reached skill level 7 in Invocations
  3634 | D:4      | Reached XP level 8. HP: 42/68 MP: 16/16
  3669 | Ossuary  | Entered an ossuary
  3799 | Ossuary  | Reached skill level 5 in Armour
  4925 | Ossuary  | Reached *** piety under Demigod
  5599 | Ossuary  | Reached skill level 8 in Invocations
  6033 | D:4      | Reached XP level 9. HP: 46/75 MP: 18/18
  6191 | D:4      | Found a shadowy altar of Dithmenos.
  6594 | D:5      | Entered Level 5 of the Dungeon
  6743 | D:5      | Found an opulent altar of Gozag.
  6813 | D:5      | Reached skill level 9 in Invocations
  7163 | D:5      | Found a sacrificial altar of Ru.
  7163 | D:5      | Found a shattered altar of Ashenzari.
  7330 | D:5      | Found a blossoming altar of Fedhas.
  7330 | D:5      | Found a shimmering altar of Xom.
  7621 | D:6      | Reached skill level 10 in Invocations
  7715 | D:6      | Found a transporter.
  7719 | D:6      | Noticed a kobold demonologist
  7731 | D:6      | Found a transporter.
  7765 | D:6      | Reached **** piety under Demigod
  8065 | D:6      | Noticed Dowan
  8065 | D:6      | Noticed Duvessa
  8080 | D:6      | Killed Duvessa
  8097 | D:6      | Killed Dowan
  8370 | D:6      | Reached skill level 11 in Invocations
  9104 | D:6      | Identified a scroll of acquirement
  9104 | D:6      | Identified the +9 rapier "Goblinbane" {speed, rC+ MR+ Str+2
                  | Dex+3} (You acquired it on level 6 of the Dungeon)
  9104 | D:6      | Identified the +0 buckler "Hiunarph" {Slay+2} (You acquired
                  | it on level 6 of the Dungeon)
  9104 | D:6      | Identified the ring of Moajej {rPois rC+ MR+ Dex-2} (You
                  | acquired it on level 6 of the Dungeon)
  9104 | D:6      | Identified the Handbook of Dislocated Attacks (You acquired
                  | it on level 6 of the Dungeon)
  9151 | D:6      | Reached XP level 10. HP: 70/84 MP: 22/22
  9160 | D:6      | HP: 2/84 [yak (9)]
 10901 | D:7      | Noticed a two-headed ogre
 10924 | D:6      | Gained mutation: You expend magic power (3 MP) to
                  | strengthen your wands. [potion of mutation]
 10924 | D:6      | Gained mutation: You tend to lose your temper in combat.
                  | [potion of mutation]
 10924 | D:6      | Gained mutation: You are resistant to hostile enchantments.
                  | (MR+) [potion of mutation]
 10924 | D:6      | Gained mutation: You have a somewhat thin skeletal
                  | structure. (Dex +2, Stealth) [potion of mutation]
 10937 | D:6      | Reached skill level 12 in Invocations
 11143 | D:7      | Reached skill level 1 in Axes
 11871 | D:7      | Found Egeunk's Assorted Antiques.
 11896 | D:7      | Found a glowing silver altar of Zin.
 12258 | D:7      | Found a staircase to the Lair.
 12293 | D:7      | Killed a two-headed ogre
 12394 | D:7      | Found Pax Gide's Magic Scroll Shop.
 12417 | D:7      | Found a basalt altar of Yredelemnul.
 12911 | D:7      | Found a glowing golden altar of the Shining One.
 12913 | D:7      | Noticed an angel
 13173 | D:8      | HP: 6/129 [ice beast (6)]
 13175 | D:8      | HP: 2/129 [ice beast (4)]
 13189 | D:8      | HP: 3/86 [ice beast (7)]
 13210 | D:8      | Noticed a five-headed hydra
 13221 | D:8      | Found Ujyg's Weapon Shoppe.
 13236 | D:7      | HP: 2/86 [bullfrog (8)]
 13237 | D:7      | Slain by a bullfrog

Skill      XL: |  1  2  3  4  5  6  7  8  9 10 |
---------------+-------------------------------+-----
Fighting       | 2 3 4 5 7 |  7.0
Invocations    | 1 2 4 5 7 8 11 12 | 12.0
Armour         | 1 3 4 7 9 |  9.8
Axes           | 4 |  4.5
Short Blades   | |  1.7
Stealth        | |  1.0
Spellcasting   | |  1.0
Charms         | |  1.0
Translocations | |  1.0
Evocations     | |  1.7

Action                   |  1- 3 |  4- 6 |  7- 9 | 10-12 || total
-------------------------+-------+-------+-------+-------++-------
Melee: Short sword       |   103 |   164 |   634 |    54 ||   955
       War axe           |       |       |   353 |   253 ||   606
       Battleaxe         |       |       |       |     2 ||     2
Invok: Major Destruction |       |       |     1 |     8 ||     9
Evoke: Wand              |       |       |       |     1 ||     1
  Use: Scroll            |     2 |     4 |    10 |     4 ||    20
       Potion            |       |     2 |     1 |     5 ||     8
 Stab: Sleeping          |     3 |       |       |       ||     3
  Eat: Chunk             |     3 |     4 |    14 |    10 ||    31
       Ration            |       |       |     2 |     1 ||     3
Armor: Robe              |     6 |       |       |       ||     6
       Plate armour      |    14 |   104 |   736 |   266 ||  1120
       Chain mail        |     6 |       |       |       ||     6
       Skin              |       |       |       |    34 ||    34
Dodge: Dodged            |    46 |    40 |   253 |   139 ||   478
Block: Other             |       |       |    60 |    47 ||   107
